 Dungeon Crawl Stone Soup version 0.21-a0-450-gd87a9b2 (webtiles) character file.

2816 theanonym the Blocker (level 9, 3/74 HPs)
             Began as a Gnoll Fighter on Nov 19, 2017.
             Was an Initiate of Gozag.
             Quit the game on level 7 of the Dungeon.
             The game lasted 00:13:25 (6234 turns).

theanonym the Blocker (Gnoll Fighter)               Turns: 6234, Time: 00:13:26

Health: 3/74       AC: 10    Str: 19    XL:     9   Next: 72%
Magic:  1/15       EV: 11    Int: 13    God:    Gozag
Gold:   541        SH: 11    Dex: 15    Spells: 16/16 levels left

rFire    + . .     SeeInvis .   a - +0 war axe
rCold    + . .     Gourm    .   c - +0 shield
rNeg     . . .     Faith    .   b - +0 scale mail
rPois    .         Spirit   +   s - +0 helmet
rElec    .         Reflect  .   g - scarf {rC+ rF+}
rCorr    .         Harm     .   p - +0 pair of gloves
MR       .....                  (no boots)
Stlth    +.........             o - amulet of guardian spirit {Spirit}
HPRegen  0.22/turn              (no ring)
MPRegen  0.14/turn              (no ring)

@: no status effects
A: distributed training, fangs 1, strong nose
a: Potion Petition, Call Merchant, Bribe Branch, Renounce Religion


Innate Abilities, Weirdness & Mutations

Your experience applies equally to all skills.
You have very sharp teeth.
Your uncanny sense of smell can sniff out nearby items.


   Skills:
 + Level 8.0 Fighting
 + Level 4.4 Short Blades
 + Level 4.4 Long Blades
 + Level 6.4 Axes
 + Level 4.4 Maces & Flails
 + Level 4.4 Polearms
 + Level 4.4 Staves
 + Level 4.4 Slings
 + Level 4.4 Bows
 + Level 4.4 Crossbows
 + Level 4.4 Throwing
 + Level 8.0 Armour
 + Level 4.4 Dodging
 + Level 4.4 Stealth
 + Level 8.0 Shields
 + Level 4.4 Unarmed Combat
 + Level 4.4 Spellcasting
 + Level 3.6 Conjurations
 + Level 3.6 Hexes
 + Level 3.6 Charms
 + Level 3.6 Summonings
 + Level 3.6 Necromancy
 + Level 3.6 Translocations
 + Level 3.6 Transmutations
 + Level 3.6 Fire Magic
 + Level 3.6 Ice Magic
 + Level 3.6 Air Magic
 + Level 3.6 Earth Magic
 + Level 3.6 Poison Magic
 + Level 4.9 Invocations
 + Level 4.4 Evocations


You had 16 spell levels left.
You didn't know any spells.

Skill      XL: |  1  2  3  4  5  6  7  8  9 |
---------------+----------------------------+-----
Invocations    | 1 2 3 4 |  4.9
Short Blades   | 1 2 3 4 |  4.4
Long Blades    | 1 2 3 4 |  4.4
Maces & Flails | 1 2 3 4 |  4.4
Polearms       | 1 2 3 4 |  4.4
Staves         | 1 2 3 4 |  4.4
Slings         | 1 2 3 4 |  4.4
Bows           | 1 2 3 4 |  4.4
Crossbows      | 1 2 3 4 |  4.4
Throwing       | 1 2 3 4 |  4.4
Dodging        | 1 2 3 4 |  4.4
Stealth        | 1 2 3 4 |  4.4
Unarmed Combat | 1 2 3 4 |  4.4
Spellcasting   | 1 2 3 4 |  4.4
Conjurations   | 1 2 3 |  3.6
Hexes          | 1 2 3 |  3.6
Charms         | 1 2 3 |  3.6
Summonings     | 1 2 3 |  3.6
Necromancy     | 1 2 3 |  3.6
Translocations | 1 2 3 |  3.6
Transmutations | 1 2 3 |  3.6
Fire Magic     | 1 2 3 |  3.6
Ice Magic      | 1 2 3 |  3.6
Air Magic      | 1 2 3 |  3.6
Earth Magic    | 1 2 3 |  3.6
Poison Magic   | 1 2 3 |  3.6
Evocations     | 1 2 3 4 |  4.4
Axes           | 5 6 |  6.4
Fighting       | 7 8 |  8.0
Armour         | 7 8 |  8.0
Shields        | 7 8 |  8.0

Action                   |  1- 3 |  4- 6 |  7- 9 || total
-------------------------+-------+-------+-------++-------
Melee: War axe           |    84 |   126 |   266 ||   476
       Bite              |     6 |    12 |    43 ||    61
Throw: Javelin           |       |       |     5 ||     5
       Throwing net      |       |       |     1 ||     1
Invok: Potion Petition   |       |       |     2 ||     2
Evoke: Wand              |       |       |     7 ||     7
  Use: Potion            |     2 |       |     1 ||     3
       Scroll            |     1 |     6 |     4 ||    11
 Stab: Held in net/web   |       |       |     1 ||     1
       Distracted        |       |       |     1 ||     1
  Eat: Chunk             |       |     3 |       ||     3
       Fruit             |       |     2 |       ||     2
       Bread ration      |       |       |     3 ||     3
Armor: Scale mail        |    46 |    41 |   140 ||   227
Dodge: Dodged            |    27 |    36 |   114 ||   177
Block: Shield            |    79 |    95 |   167 ||   341

Inventory:

Hand Weapons
 a - a +0 war axe (weapon)
 i - the +6 great sword of the Old World {slice, rF+ MR+ Int-4, unknown}
   (You found it on level 6 of the Dungeon)

   It inflicts extra damage upon your enemies.
   It affects your intelligence (-4).
   It protects you from fire.
   It affects your resistance to hostile enchantments.
Missiles
 d - 12 javelins (quivered)
 m - a throwing net
 n - 5 tomahawks
Armour
 b - a +0 scale mail (worn)
 c - a +0 shield (worn)
 g - a scarf of resistance (worn)
   (You found it on level 3 of the Dungeon)
 p - a +0 pair of gloves (worn)
   (You found it on level 3 of the Dungeon)
 s - a +0 helmet (worn)
   (You found it on level 5 of the Dungeon)
Jewellery
 o - an amulet of guardian spirit (around neck) {Spirit}
   (You found it on level 5 of the Dungeon)
Wands
 w - a wand of paralysis (7/24)
   (You found it on level 6 of the Dungeon)
 x - a wand of lightning (0/15)
   (You found it on level 5 of the Dungeon)
 y - a wand of iceblast (8/15)
   (You found it on level 6 of the Dungeon)
Scrolls
 e - a scroll of fog {unknown}
 h - 4 scrolls of remove curse
 j - 2 scrolls of enchant armour
 l - 2 scrolls of recharging
 q - 3 scrolls of enchant weapon
 t - 3 scrolls of teleportation {!r}
 u - a scroll of random uselessness {unknown}
Potions
 k - a potion of mutation
 v - a potion of brilliance {unknown}
 z - a potion of flight {unknown}
Comestibles
 f - 5 bread rations

Dungeon Overview and Level Annotations

Branches:
Dungeon (7/15)             Temple (0/1) D:5

Altars:
Gozag
Hepliaklqana
Kikubaaqudgha
Qazlal
Wu Jian
Yredelemnul

Shops:
D:5 (


You were on level 7 of the Dungeon.
You worshipped Gozag.
Gozag was pleased with you.
You were not hungry.

You visited 1 branch of the dungeon, and saw 7 of its levels.

You collected 917 gold pieces.
You paid 376 gold pieces to Gozag.


Message History

Found 15 gold pieces.
A worker ant comes into view.
The worker ant moves out of view.
Found 2 scrolls of teleportation.
The worker ant twitches its antennae in your direction.
Something hits you. x2
Found a bubbling pink potion, 22 gold pieces and an orange potion.
There is an open door, spattered with blood here.
A worker ant is nearby!
A worker ant is nearby!
You take 6 damage, and have 68/74 hp.
You now have 14/15 mp.
A worker ant is nearby!
Something hits you but does no damage.
You slash the worker ant! You hit something.
Something hits you but does no damage. Something hits you.
The worker ant barely misses you. You block the worker ant's attack.
You take 1 damage, and have 67/74 hp.
You slash the worker ant!
You kill the worker ant!
You miss something. Something hits you but does no damage.
No target in view!
You see here 6 gold pieces.
You block something's attack. Something hits you but does no damage.
MP restored: 15 Something hits you. Something hits you!
You take 12 damage, and have 57/74 hp.
You now have 13/15 mp.
Something hits you!
You take 5 damage, and have 52/74 hp.
You now have 11/15 mp.
Something hits you but does no damage.
You see here 6 gold pieces.
Something hits you but does no damage. Something hits you but does no damage.
You slash something! Something hits you but does no damage.
Something hits you but does no damage. Something hits you.
You take 4 damage, and have 49/74 hp.
Something hits you but does no damage. You block something's attack.
There is an open door, spattered with blood here.
Something hits you!
You take 7 damage, and have 42/74 hp.
You now have 9/15 mp.
Something hits you but does no damage. Something hits you.
You now have 8/15 mp.
Something hits you but does no damage. Something hits you.
You take 3 damage, and have 39/74 hp.
Something hits you but does no damage. Something hits you.
* * * LOW HITPOINT WARNING * * *
You take 2 damage, and have 37/74 hp.
You now have 7/15 mp.
Something hits you but does no damage.
Things that are here:
8 gold pieces; an arrow You block something's attack.
Something hits you but does no damage. Something hits you.
* * * LOW HITPOINT WARNING * * *
You take 3 damage, and have 34/74 hp.
Something hits you.
* * * LOW MAGIC WARNING * * *;
* * * LOW HITPOINT WARNING * * *
You take 4 damage, and have 30/74 hp.
You now have 6/15 mp.
Something hits you but does no damage. Something hits you!
* * * LOW MAGIC WARNING * * *;
* * * LOW HITPOINT WARNING * * *
You take 8 damage, and have 22/74 hp.
You now have 5/15 mp.
You block something's attack. Something hits you but does no damage.
Something hits you.
* * * LOW HITPOINT WARNING * * *
You take 1 damage, and have 22/74 hp.
Something hits you but does no damage.
You hear a mighty clap of thunder!
The bolt of lightning hits something.
This wand has 3 charges left.
Something hits you.
* * * LOW MAGIC WARNING * * *;
* * * LOW HITPOINT WARNING * * *
You take 4 damage, and have 18/74 hp.
You now have 5/15 mp.
You hear a mighty clap of thunder!
The bolt of lightning hits something.
This wand has 2 charges left.
Something hits you but does no damage. x2
You hear a mighty clap of thunder!
This wand has 1 charge left.
Something hits you but does no damage. Something hits you.
* * * LOW MAGIC WARNING * * *;
* * * LOW HITPOINT WARNING * * *
You take 1 damage, and have 17/74 hp.
You now have 4/15 mp.
You hear a mighty clap of thunder!
The bolt of lightning hits something.
This wand has 0 charges left.
Something hits you.
* * * LOW MAGIC WARNING * * *;
* * * LOW HITPOINT WARNING * * *
You take 1 damage, and have 16/74 hp.
You now have 3/15 mp.
This wand has no charges.
You closely miss something. You bite something. Something hits you!
* * * LOW MAGIC WARNING * * *;
* * * LOW HITPOINT WARNING * * *
Something hits you but does no damage. You block something's attack.
You take 7 damage, and have 9/74 hp.
You now have 2/15 mp.
You closely miss something. Something hits you but does no damage.
Something hits you!
* * * LOW MAGIC WARNING * * *;
* * * LOW HITPOINT WARNING * * *
You take 6 damage, and have 3/74 hp.
You now have 1/15 mp.
Okay, then.

#### ##### ...# #...#
...#######################...##
...'..>.........@........'....#
...###########.#####.#####....#
...# ##!..###..####.# #....#
...# ##?....##....##.# #....#
...###......$#....##.# #....###
...'.#?......#.....#.# ##......
...#.#$.....!##....#.# #.##.##
####.##..$..###..$.#.# ##.##..#
#.###...## ###.(#.#####.......


There were no monsters in sight!

Notes
Turn   | Place    | Note
-------+----------+-------------------------------------------
     0 | D:1      | theanonym the Gnoll Fighter began the quest for the Orb.
     0 | D:1      | Reached XP level 1. HP: 23/23 MP: 1/1
   254 | D:1      | Reached XP level 2. HP: 27/29 MP: 2/2
   719 | D:2      | Noticed a centaur
   739 | D:2      | Reached XP level 3. HP: 27/35 MP: 3/3
   830 | D:2      | Found a basalt altar of Yredelemnul.
   918 | D:2      | Reached skill level 1 in Invocations
   972 | D:2      | HP: 15/35 [worm (9)]
   977 | D:1      | HP: 8/35 [centaur/dagger (6)]
   977 | D:1      | HP: 3/35 [worm (5)]
   978 | D:1      | Killed a centaur
   978 | D:1      | Reached skill level 1 in Short Blades
   978 | D:1      | Reached skill level 1 in Long Blades
   978 | D:1      | Reached skill level 1 in Maces & Flails
   978 | D:1      | Reached skill level 1 in Polearms
   978 | D:1      | Reached skill level 1 in Staves
   978 | D:1      | Reached skill level 1 in Slings
   978 | D:1      | Reached skill level 1 in Bows
   978 | D:1      | Reached skill level 1 in Crossbows
   978 | D:1      | Reached skill level 1 in Throwing
   978 | D:1      | Reached skill level 1 in Dodging
   978 | D:1      | Reached skill level 1 in Stealth
   978 | D:1      | Reached skill level 1 in Unarmed Combat
   978 | D:1      | Reached skill level 1 in Spellcasting
   978 | D:1      | Reached skill level 1 in Conjurations
   978 | D:1      | Reached skill level 1 in Hexes
   978 | D:1      | Reached skill level 1 in Charms
   978 | D:1      | Reached skill level 1 in Summonings
   978 | D:1      | Reached skill level 1 in Necromancy
   978 | D:1      | Reached skill level 1 in Translocations
   978 | D:1      | Reached skill level 1 in Transmutations
   978 | D:1      | Reached skill level 1 in Fire Magic
   978 | D:1      | Reached skill level 1 in Ice Magic
   978 | D:1      | Reached skill level 1 in Air Magic
   978 | D:1      | Reached skill level 1 in Earth Magic
   978 | D:1      | Reached skill level 1 in Poison Magic
   978 | D:1      | Reached skill level 1 in Evocations
   978 | D:1      | Reached XP level 4. HP: 4/41 MP: 5/5
   978 | D:1      | Reached XP level 5. HP: 4/47 MP: 6/6
  1537 | D:3      | Found a hazy altar of Hepliaklqana.
  1644 | D:3      | Found an opulent altar of Gozag.
  1689 | D:3      | Became a worshipper of Gozag Ym Sagoz the Greedy
  2054 | D:3      | Reached XP level 6. HP: 52/53 MP: 8/8
  2055 | D:3      | Reached skill level 2 in Invocations
  2304 | D:4      | Found an ornate altar of the Wu Jian Council.
  2343 | D:4      | Reached skill level 2 in Short Blades
  2343 | D:4      | Reached skill level 2 in Long Blades
  2343 | D:4      | Reached skill level 5 in Axes
  2343 | D:4      | Reached skill level 2 in Maces & Flails
  2343 | D:4      | Reached skill level 2 in Polearms
  2343 | D:4      | Reached skill level 2 in Staves
  2343 | D:4      | Reached skill level 2 in Slings
  2343 | D:4      | Reached skill level 2 in Bows
  2343 | D:4      | Reached skill level 2 in Crossbows
  2343 | D:4      | Reached skill level 2 in Throwing
  2343 | D:4      | Reached skill level 2 in Dodging
  2343 | D:4      | Reached skill level 2 in Stealth
  2343 | D:4      | Reached skill level 2 in Unarmed Combat
  2343 | D:4      | Reached skill level 2 in Spellcasting
  2343 | D:4      | Reached skill level 2 in Evocations
  2631 | D:4      | Reached XP level 7. HP: 35/59 MP: 10/10
  2730 | D:4      | Noticed Ontamu's ghost (amateur KoHu)
  2756 | D:4      | Killed Ontamu's ghost
  2756 | D:4      | Reached skill level 7 in Fighting
  2756 | D:4      | Reached skill level 7 in Armour
  2756 | D:4      | Reached skill level 7 in Shields
  2756 | D:4      | Reached skill level 2 in Conjurations
  2756 | D:4      | Reached skill level 2 in Hexes
  2756 | D:4      | Reached skill level 2 in Charms
  2756 | D:4      | Reached skill level 2 in Summonings
  2756 | D:4      | Reached skill level 2 in Necromancy
  2756 | D:4      | Reached skill level 2 in Translocations
  2756 | D:4      | Reached skill level 2 in Transmutations
  2756 | D:4      | Reached skill level 2 in Fire Magic
  2756 | D:4      | Reached skill level 2 in Ice Magic
  2756 | D:4      | Reached skill level 2 in Air Magic
  2756 | D:4      | Reached skill level 2 in Earth Magic
  2756 | D:4      | Reached skill level 2 in Poison Magic
  2797 | D:4      | Noticed Dowan
  2815 | D:4      | Killed Dowan
  2860 | D:4      | HP: 28/60 [orc priest/divine providence (9)]
  2870 | D:4      | Reached skill level 3 in Invocations
  2870 | D:4      | Reached XP level 8. HP: 63/67 MP: 10/12
  3043 | D:4      | Noticed Duvessa
  3074 | D:3      | Killed Duvessa
  3409 | D:5      | Entered Level 5 of the Dungeon
  3418 | D:5      | Reached skill level 3 in Short Blades
  3418 | D:5      | Reached skill level 3 in Long Blades
  3418 | D:5      | Reached skill level 3 in Maces & Flails
  3418 | D:5      | Reached skill level 3 in Polearms
  3418 | D:5      | Reached skill level 3 in Staves
  3418 | D:5      | Reached skill level 3 in Slings
  3418 | D:5      | Reached skill level 3 in Bows
  3418 | D:5      | Reached skill level 3 in Crossbows
  3418 | D:5      | Reached skill level 3 in Throwing
  3418 | D:5      | Reached skill level 3 in Dodging
  3418 | D:5      | Reached skill level 3 in Stealth
  3418 | D:5      | Reached skill level 3 in Unarmed Combat
  3418 | D:5      | Reached skill level 3 in Spellcasting
  3418 | D:5      | Reached skill level 3 in Evocations
  3631 | D:5      | Found a staircase to the Ecumenical Temple.
  3672 | D:5      | Found Biehox's Weapon Shop.
  4179 | D:5      | HP: 29/67 [something (6)]
  4181 | D:5      | HP: 13/67 [something (10)]
  4471 | D:6      | Noticed Menkaure
  4475 | D:6      | Killed Menkaure
  4548 | D:6      | Reached skill level 3 in Conjurations
  4548 | D:6      | Reached skill level 3 in Hexes
  4548 | D:6      | Reached skill level 3 in Charms
  4548 | D:6      | Reached skill level 3 in Summonings
  4548 | D:6      | Reached skill level 3 in Necromancy
  4548 | D:6      | Reached skill level 3 in Translocations
  4548 | D:6      | Reached skill level 3 in Transmutations
  4548 | D:6      | Reached skill level 3 in Fire Magic
  4548 | D:6      | Reached skill level 3 in Ice Magic
  4548 | D:6      | Reached skill level 3 in Air Magic
  4548 | D:6      | Reached skill level 3 in Earth Magic
  4548 | D:6      | Reached skill level 3 in Poison Magic
  4548 | D:6      | Reached skill level 4 in Invocations
  4662 | D:6      | Got a brightly glowing great sword
  4676 | D:6      | Reached skill level 6 in Axes
  4676 | D:6      | Reached XP level 9. HP: 41/72 MP: 14/14
  5084 | D:6      | Found a stormy altar of Qazlal.
  5323 | D:7      | Noticed a manticore
  5328 | D:7      | Killed a manticore
  5328 | D:7      | Reached skill level 4 in Short Blades
  5328 | D:7      | Reached skill level 4 in Long Blades
  5328 | D:7      | Reached skill level 4 in Maces & Flails
  5328 | D:7      | Reached skill level 4 in Polearms
  5328 | D:7      | Reached skill level 4 in Staves
  5328 | D:7      | Reached skill level 4 in Slings
  5328 | D:7      | Reached skill level 4 in Bows
  5328 | D:7      | Reached skill level 4 in Crossbows
  5328 | D:7      | Reached skill level 4 in Throwing
  5328 | D:7      | Reached skill level 4 in Dodging
  5328 | D:7      | Reached skill level 4 in Stealth
  5328 | D:7      | Reached skill level 4 in Unarmed Combat
  5328 | D:7      | Reached skill level 4 in Spellcasting
  5328 | D:7      | Reached skill level 4 in Evocations
  5403 | D:7      | HP: 36/74 [black bear (4)]
  5416 | D:7      | HP: 27/74 [scorpion (6)]
  5422 | D:7      | Reached skill level 8 in Fighting
  5422 | D:7      | Reached skill level 8 in Armour
  5422 | D:7      | Reached skill level 8 in Shields
  5439 | D:7      | HP: 26/74 [something (5)]
  5445 | D:7      | HP: 24/74 [something (3)]
  5460 | D:7      | HP: 17/74 [orc/club (2)]
  5770 | D:7      | Found an ancient bone altar of Kikubaaqudgha.
  6213 | D:7      | HP: 37/74 [something (3)]
  6218 | D:7      | HP: 34/74 [something (4)]
  6223 | D:7      | HP: 22/74 [something (1)]
  6229 | D:7      | HP: 17/74 [something (1)]
  6233 | D:7      | HP: 3/74 [something (6)]
  6234 | D:7      | Quit the game

Vanquished Creatures
  A manticore (D:7)
  The ghost of Ontamu the Cutter, an amateur KoHu of Okawaru (D:4)
  Menkaure (D:6)
  A water moccasin (D:6)
  Duvessa (D:3)
  2 ice beasts (D:7)
  2 phantoms
  A sky beast (D:5)
  A black bear (D:7)
  2 ogres
  3 centaurs
  2 bullfrogs (D:6)
  2 scorpions (D:7)
  Dowan (D:4)
  3 howler monkeys
  A centaur zombie (D:5)
  A jelly (D:5)
  A hound (D:7)
  A bullfrog skeleton (D:4)
  An orc priest (D:4)
  A gnoll shaman (D:4)
  An iguana (D:6)
  2 orc wizards
  2 worker ants
  A hound zombie (D:7)
  A worker ant zombie (D:7)
  10 gnolls
  10 adders
  A shadow imp (D:4)
  2 adder skeletons
  4 worms
  A dart slug (D:1)
  2 leopard geckos (D:3)
  16 orcs
  2 ball pythons
  9 bats
  7 giant cockroaches
  6 goblins
  7 hobgoblins
  10 jackals
  A quokka (D:2)
  5 frilled lizards
  A jackal zombie (D:7)
  11 kobolds
  A leopard gecko skeleton (D:7)
  5 rats
148 creatures vanquished.

Vanquished Creatures (others)
  An orc (D:5)
1 creature vanquished.

Grand Total: 149 creatures vanquished
